 Dungeon Crawl Stone Soup version 0.28-a0-998-gb9e9c7b67e (webtiles) character file.

Game seed: 4042953470737304986

56 ytrimaz the Scratcher (level 3, -1/15 HPs)
             Began as a Felid Transmuter on Dec 5, 2021.
             Slain by a gnoll (16 damage)
             ... on level 3 of the Dungeon.
             The game lasted 00:04:22 (3561 turns).

ytrimaz the Scratcher (Felid Transmuter)            Turns: 3561, Time: 00:04:22

Health: -1/15      AC:  2    Str:  4 (6)  XL:     3   Next: 69%
Magic:  4/8        EV: 20    Int: 16      God:
Gold:   47         SH:  0    Dex: 18 (21) Spells: 3/7 levels left
                                        Lives:  0   Deaths: 0

rFire   . . .      SeeInvis +     - Unarmed
rCold   . . .      Faith    .   (shield unavailable)
rNeg    . . .      Spirit   .   (armour unavailable)
rPois   x          Reflect  .   (helmet unavailable)
rElec   .          Harm     .   (cloak unavailable)
rCorr   .          Rampage  .   (gloves unavailable)
Will    .....                   (boots unavailable)
Stlth   ++........              a - amulet of magic regeneration
HPRegen 0.05/turn               (no ring)
MPRegen 0.51/turn               (no ring)

@: spider-form, very slightly contaminated
A: venomous fangs, tiny, (claws 1), (fangs 3), see invisible, (speed 1), (shaggy
fur 1), (stealthy paws), no weapons or thrown items, no armour, multi-lived
a: End Transformation


You were on level 3 of the Dungeon.
You were a venomous arachnid creature.
You visited 1 branch of the dungeon, and saw 3 of its levels.

You collected 47 gold pieces.

Inventory:

Jewellery
 a - an amulet of magic regeneration (around neck)


   Skills:
 - Level 1.0 Fighting
 + Level 2.9 Dodging
 + Level 3.6 Unarmed Combat
 * Level 2.7 Spellcasting
 * Level 3.0 Transmutations


You had 3 spell levels left.
You knew the following spells:

 Your Spells              Type           Power      Damage    Failure   Level
a - Beastly Appendage     Tmut           22%        N/A       16%         1
b - Spider Form           Tmut/Pois      7%         N/A       52%         3

Your spell library contained the following spells:

 Spells                   Type           Power      Damage    Failure   Level
 Wereblood                Tmut           11%        N/A       22%         2
 Ice Form                 Ice/Tmut       7%         N/A       87%         4


Dungeon Overview and Level Annotations

Branches:
Dungeon (3/15)

Altars:


Innate Abilities, Weirdness & Mutations

You are a venomous arachnid creature.
You have poisonous fangs.
You are tiny and dextrous.
Your spellcasting is less reliable in this form.
((You have sharp claws.))
((You have razor-sharp teeth.))
You have supernaturally acute eyesight. (SInv)
((You cover ground quickly. (Speed+)))
((You are covered in fur. (AC +1)))
((Your paws help you pounce on unaware monsters.))
You are incapable of wielding weapons or throwing items.
You cannot wear armour.
You gain extra lives every three experience levels.


Message History

Magic restored.
Found an escape hatch in the ceiling.
Your transformation has ended.
A gnoll comes into view. It is wielding a +0 halberd.
The gnoll moves out of view.
A frilled lizard comes into view.
A frilled lizard is nearby!
You grow a pair of large bovine horns.
The gnoll shouts!
You hear a shout! 2 gnolls come into view.
The frilled lizard barely misses you.
The gnoll moves out of view.
You closely miss the frilled lizard. The frilled lizard misses you.
You barely miss the frilled lizard. The frilled lizard closely misses you.
You miss the frilled lizard.
Your headbutt misses the frilled lizard.
A gnoll comes into view. It is wielding a +0 spear.
The frilled lizard misses you.
Unknown command.
Your transformation is almost over.
Casting: Beastly Appendage (safe; 5% risk of failure)
Confirm with . or Enter, or press ? or * to list all spells.
The spell is potentially lethal to miscast (30% risk of failure)!
Continue anyway?
You miscast Spider Form.
You are very lightly contaminated with residual magic.
Nothing appears to happen.
Unknown command.
Casting: Spider Form (potentially lethal; 30% risk of failure)
Confirm with . or Enter, or press ? or * to list all spells.
The spell is potentially lethal to miscast (30% risk of failure)!
Continue anyway?
Your horns disappear.
You turn into a venomous arachnid creature.
Unknown command.
You hit the frilled lizard.
You kill the frilled lizard!
The gnoll completely misses you.
You hit the gnoll.
The gnoll is lightly wounded.
The gnoll hits you with a +0 halberd!
Ouch! That really hurt!
You die...

#.#####.##.# #[...
#.##.# #.... #.##.#
#.##.
#.##.########.##.
#.##.##..........
#.##.##..<....##.
#.##.##.......#
#####........)....#
#.ggs....##.......#
#.#########.......#
#.# #.......# #.#
####.#### #g# #.#
#.# #g# #.# ...


You could see 2 gnolls.

Vanquished Creatures
  An adder (D:2)
  2 dart slugs
  2 ball pythons
  3 endoplasms
  A giant cockroach (D:2)
  5 goblins
  2 hobgoblins
  2 jackals (D:1)
  2 quokkas
  3 bats
  4 frilled lizards
  8 kobolds
  5 rats
40 creatures vanquished.

Notes
Turn   | Place    | Note
-------+----------+-------------------------------------------
     0 | D:1      | ytrimaz the Felid Transmuter began the quest for the Orb.
     0 | D:1      | Reached XP level 1. HP: 9/9 MP: 4/4
   461 | D:1      | Reached XP level 2. HP: 9/12 MP: 4/6
   537 | D:1      | Found a faded altar of an unknown god.
  1749 | D:2      | Reached XP level 3. HP: 1/15 MP: 7/7
  3029 | D:2      | Learned a level 3 spell: Spider Form
  3561 | D:3      | Slain by a gnoll

Illustrated notes

Levels and vault maps discovered:
D:1:      saegor_arrival_simple_d, layout_loops_corners,
          shapermc_ecumenical_altar_mp_ritualfount, minmay_misc_feat_rugged
D:2:      layout_loops_ring
D:3:      layout_loops_ring, serial_shops, shop

Skill      XL: |  1  2  3 |
---------------+----------+-----
Transmutations | 3 |  3.0
Fighting       | |  1.0
Dodging        | |  2.9
Unarmed Combat | |  3.6
Spellcasting   | |  2.7

Action                   || total
-------------------------++-------
Melee: Unarmed           ||   120
       Headbutt          ||     6
       Bite              ||     8
       Punch             ||     1
 Cast: Beastly Appendage ||    32
       Spider Form       ||     2
  Use: Scroll            ||     6
       Potion            ||     4
 Stab: Sleeping          ||     1
Armor: Skin              ||    10
Dodge: Dodged            ||   114

Table legend: (Time is in decaauts)
 A = Elapsed time spent in this place.
 B = Non-inter-level travel time spent in this place.
 C = Inter-level travel time spent in this place.
 D = Time resting spent in this place.
 E = Time spent auto-exploring this place.
 F = Levels seen in this place.
 G = Mean time per level.
                   A        B        C        D        E       F      G
               +--------+--------+--------+--------+--------+-----+--------+
         Total |   3247 |   3174 |     73 |    738 |   2044 |   3 | 1082.3 |
       Dungeon |   3247 |   3174 |     73 |    738 |   2044 |   3 | 1082.3 |
               +--------+--------+--------+--------+--------+-----+--------+

Top non-repeatable levels by time:
     D:2: 1611 daAuts
     D:1: 1547 daAuts
     D:3: 88 daAuts
